 Dungeon Sprint DCSS version 0.31.0-12-g77e489cdc1 (webtiles) character file.

Game seed: 17211789595271775864

116 Heoruswealwe the Spear-Bearer (level 4, -13/45 HPs)
             Began as a Minotaur Fighter on Mar 4, 2024.
             Mangled by an ogre
             ... wielding a +0 giant club
              (27 damage)
             ... in the Dungeon (Sprint IX: "|||||||||||||||||||||||||||||").
             The game lasted 00:00:43 (43 turns).

Heoruswealwe the Spear-Bearer (Minotaur Fighter)      Turns: 43, Time: 00:00:43

Health: -13/45     AC:  7    Str: 23    XL:     4   Next: 69%
Magic:  3/3        EV:  9    Int:  5    God:
Gold:   0          SH:  4    Dex:  9    Spells: 3/3 levels left

rFire   . . .        a - +0 trident
rCold   . . .        d - +0 buckler
rNeg    . . .        c - +0 scale mail
rPois   .            (helmet restricted)
rElec   .            (no cloak)
rCorr   .            (no gloves)
SInv    .            (no boots)
Will    .....        (no amulet) Stlth
                     (no ring)
HPRegen 0.27/turn    (no ring)
MPRegen 0.08/turn

%: no teleportation
@: no status effects
A: horns 2, retaliatory headbutt
a: no special abilities


You were in the Dungeon.
You visited 1 branch

Inventory:

Hand Weapons
 a - a +0 trident (weapon)
Armour
 c - a +0 scale mail (worn)
 d - a +0 buckler (worn)
Scrolls
 j - a scroll of blinking
Potions
 b - a potion of might
 e - a potion of curing
 g - a potion of haste
 h - 2 potions of magic
 i - a potion of berserk rage


   Skills:
 + Level 6.7 Fighting
 * Level 8.3 Polearms
 + Level 6.6 Armour
 - Level 3.6 Shields


You had 3 spell levels left.
You didn't know any spells.
Your spell library was empty.

Dungeon Overview and Level Annotations

Branches:
Dungeon (1/1)

Altars:


Innate Abilities, Weirdness & Mutations

You have a pair of horns on your head.
You reflexively headbutt those who attack you in melee.


Message History

Your Fighting skill gained 2 levels and is now at level 6!
Your Polearms skill gained 3 levels and is now at level 7!
Your Armour skill gained 2 levels and is now at level 6!
You have reached level 2!
You have reached level 3!
Your experience leads to an increase in your attributes!
Increase (S)trength, (I)ntelligence, or (D)exterity?
You feel stronger. x2
You have reached level 4!
You feel stronger.
You closely miss the hound. The hound closely misses you.
You miss the hound. The hound closely misses you. The hound bites you.
You hit the hound.
The hound is moderately wounded.
The hound bites you.
You miss the hound.
The hound is moderately wounded.
The hound bites you but does no damage. The hound barely misses you.
You closely miss the hound. You headbutt the hound.
The hound is moderately wounded.
The hound bites you.
* * * LOW HITPOINT WARNING * * *
You barely miss the hound. Your headbutt misses the hound.
The hound is moderately wounded.
The hound closely misses you. You furiously retaliate!
You headbutt the hound. The hound barely misses you.
You barely miss the hound. Your headbutt misses the hound.
The hound is heavily wounded.
The hound bites you but does no damage.
You puncture the hound!
You kill the hound!
Your Polearms skill increases to level 8!
You hit the ogre.
The ogre is lightly wounded.
The ogre misses you.
You hit the ogre.
The ogre is moderately wounded.
The ogre hits you with a +0 giant club!!
Ouch! That really hurt!
You die...

▓+▓
▓.▓
▓.▓
▓.▓
▓o▓
▓O▓
▓@▓
▓[▓
▓.▓
▓.▓
▓.▓
▓.▓
▓)▓
▓.▓
▓.▓


You could see an ogre and an orc.

Vanquished Creatures
  A centaur (D)
  A hound (D)
  An orc (D)
  A hobgoblin (D)
  2 kobolds (D)
  A ball python (D)
  A bat (D)
8 creatures vanquished.

Notes
Turn   | Place    | Note
-------+----------+-------------------------------------------
     0 | D        | Heoruswealwe the Minotaur Fighter began the quest for the
                  | Orb.
     0 | D        | Reached XP level 1. HP: 19/19 MP: 0/0
     6 | D        | Reached skill level 3 in Polearms
    21 | D        | Noticed an ogre
    21 | D        | Noticed a hound
    21 | D        | Noticed a centaur
    23 | D        | Reached skill level 4 in Polearms
    33 | D        | Killed a centaur
    34 | D        | Reached skill level 7 in Polearms
    34 | D        | Reached XP level 2. HP: 10/30 MP: 1/1
    34 | D        | Reached XP level 3. HP: 12/37 MP: 2/2
    34 | D        | Reached XP level 4. HP: 15/44 MP: 3/3
    42 | D        | Reached skill level 8 in Polearms
    43 | D        | Mangled by an ogre

Illustrated notes

Levels and vault maps discovered:
D:        linesprint [early_d, line_temple, items_1, d_10, items_2, lair_1,
          lair_end, items_3, orc_1, orc_end, items_4, d_15, swamp_1, shoals_1,
          snake_1, spider_1, d_20, vaults_1, items_5, swamp_end, shoals_end,
          snake_end, spider_end, vaults_end, d_27, items_6, zot_1, zot_end,
          crypt_end, forest_end, elf_end, slime_end, tomb_end, abyss_end,
          pan_hell_end]

Skill      XL: |  1  2  3  4 |
---------------+-------------+-----
Polearms       | 7 8 |  8.3
Fighting       | 6 |  6.7
Armour         | 6 |  6.6
Shields        | |  3.6

Action                     |  1- 3 |  4- 6 || total
---------------------------+-------+-------++-------
  Melee: Trident           |    14 |    10 ||    24
         Headbutt          |     1 |     1 ||     2
    Use: Potion            |     1 |       ||     1
 Armour: Scale mail        |    19 |     6 ||    25
  Dodge: Dodged            |     8 |     6 ||    14
  Block: Buckler           |     7 |       ||     7
